 Dungeon Crawl Stone Soup version 0.29-a0-283-ga02f740833 (webtiles) character file.

Game seed: 2344695493468741352

455 Anunax the Stinger (level 7, -7/50 HPs)
             Began as a Gnoll Venom Mage on Mar 13, 2022.
             Killed from afar by an orc wizard (8 damage)
             ... with a magic dart
             ... on level 4 of the Dungeon.
             The game lasted 00:10:40 (4442 turns).

Anunax the Stinger (Gnoll Venom Mage)               Turns: 4442, Time: 00:10:40

Health: -7/50      AC:  2    Str:  8    XL:     7   Next: 5%
Magic:  9/15       EV: 13    Int: 16    God:
Gold:   154        SH:  0    Dex: 12    Spells: 16/17 levels left

rFire   . . .      SeeInvis .   g - +2 dagger (venom)
rCold   . . .      Faith    .   (no shield)
rNeg    . . .      Spirit   .   a - +0 robe
rPois   +          Reflect  .   (no helmet)
rElec   .          Harm     .   l - scarf {repulsion}
rCorr   .          Rampage  .   (no gloves)
Will    .....                   (no boots)
Stlth   +.........              (no amulet)
HPRegen 0.16/turn               r - ring of poison resistance
MPRegen 0.14/turn               (no ring)

@: confused, repel missiles
A: fangs 1, strong nose, distributed training
a: no special abilities


You were on level 4 of the Dungeon.
You visited 1 branch of the dungeon, and saw 4 of its levels.

You collected 154 gold pieces.

Inventory:

Hand Weapons
 g - a +2 dagger of venom (weapon)
 k - a +0 vampiric dagger
 n - a +1 flail of draining
Armour
 a - a +0 robe (worn)
 l - a scarf of repulsion (worn)
Jewellery
 r - a ring of poison resistance (left hand)
Scrolls
 d - a scroll of torment {unknown}
 f - a scroll of identify {unknown}
 i - 2 scrolls of fog {unknown}
 m - a scroll of enchant weapon {unknown}
 o - a scroll of blinking {unknown}
 p - a scroll of noise {unknown}
 s - a scroll of amnesia {unknown}
Potions
 b - 2 potions of magic
 c - 2 potions of mutation {unknown}
 e - a potion of brilliance {unknown}
 h - a potion of degeneration {unknown}
 j - a potion of attraction {unknown}
 q - a potion of resistance {unknown}


   Skills:
 + Level 2.2 Fighting
 + Level 2.2 Short Blades
 + Level 2.2 Long Blades
 + Level 2.2 Axes
 + Level 2.2 Maces & Flails
 + Level 2.2 Polearms
 + Level 2.2 Staves
 + Level 2.2 Slings
 + Level 2.2 Bows
 + Level 2.2 Crossbows
 + Level 2.2 Throwing
 + Level 2.2 Armour
 + Level 5.1 Dodging
 + Level 4.7 Stealth
 + Level 2.2 Shields
 + Level 2.2 Unarmed Combat
 + Level 5.5 Spellcasting
 + Level 1.8 Conjurations
 + Level 1.8 Hexes
 + Level 1.8 Summonings
 + Level 1.8 Necromancy
 + Level 1.8 Translocations
 + Level 2.8 Transmutations
 + Level 1.8 Fire Magic
 + Level 1.8 Ice Magic
 + Level 1.8 Air Magic
 + Level 1.8 Earth Magic
 + Level 5.7 Poison Magic
 + Level 2.5 Invocations
 + Level 2.2 Evocations


You had 16 spell levels left.
You knew the following spells:

 Your Spells              Type           Power      Damage    Failure   Level
a - Sting                 Tmut/Pois      72%        1d6       2%          1

Your spell library contained the following spells:

 Spells                   Type           Power      Damage    Failure   Level
 Poisonous Vapours        Pois/Air       32%        N/A       4%          2
 Mephitic Cloud           Conj/Pois/Air  14%        N/A       12%         3
 Olgreb's Toxic Radiance  Pois           22%        N/A       14%         4
 Frozen Ramparts          Ice            20%        1d4       21%         3
 Ice Form                 Ice/Tmut       11%        N/A       50%         4
 Summon Ice Beast         Ice/Summ       10%        N/A       56%         4


Dungeon Overview and Level Annotations

Branches:
Dungeon (4/15)
 Temple: D:4-7

Altars:
Makhleb
Qazlal
Ru
Uskayaw
Vehumet
Wu Jian
Xom

Shops:
D:3 :(


Innate Abilities, Weirdness & Mutations

You have very sharp teeth.
Your uncanny sense of smell can sniff out nearby items.
Your experience applies equally to all skills.


Message History

The phantom misses you.
You hit the phantom.
The phantom is severely damaged.
You hit the phantom but do no damage. Your bite misses the phantom.
The phantom is severely damaged.
The phantom hits you.
You hit the phantom.
The phantom is almost destroyed.
The phantom hits you.
The phantom blinks!
You blink.
An orc wizard and 3 orcs come into view.
The orc wizard shouts!
The orc shouts!
The phantom closely misses you.
An orc comes into view. It is wielding a +0 war axe.
The phantom attacks as you move away! The phantom hits you.
* * * LOW HITPOINT WARNING * * *
The orc moves out of view.
The orc shouts!
You hit the phantom. Your bite misses the phantom.
The phantom is almost destroyed.
The phantom misses you.
The orc shouts!
You hit the phantom but do no damage. Your bite misses the phantom.
The phantom is almost destroyed.
The phantom closely misses you.
You barely miss the phantom.
The phantom is almost destroyed.
The phantom closely misses you.
You closely miss the phantom.
The phantom is almost destroyed.
The phantom hits you!
* * * LOW HITPOINT WARNING * * *
The phantom blinks!
You blink.
The phantom barely misses you.
The orc wizard gestures at you while chanting.
You are confused.
You're too confused to move!
The phantom hits you.
* * * LOW HITPOINT WARNING * * *
The orc wizard gestures at you while chanting.
The magic dart hits you!
You die...

..# .#..## .... .... ...#
...≈≈ .... #..# .≈..≈ ....
#..######$.#..≈§..
##..#####..#.......#.(....
...................#..≈≈..
....... .....##W@.....≈..≈
.....####....##..#o....§≈§
.............##...........
......##..#..##)###.#...#.
.............#........#.#
......##...........o..# #
...........#.#######o.#
....#.###....# ...
....#+####.#...... o...


You could see a phantom and an orc wizard.

Vanquished Creatures
  A black bear (D:4)
  An ogre (D:4)
  A scorpion (D:2)
  A hound (D:4)
  Natasha (thrice) (D:2)
  Robin (D:2)
  4 adders
  A worm (D:3)
  5 orcs (D:3)
  A ball python (D:1)
  2 endoplasms
  2 giant cockroaches
  11 goblins
  11 hobgoblins
  6 jackals
  5 kobolds
  2 quokkas
  6 bats
  4 frilled lizards
  5 rats
73 creatures vanquished.

Notes
Turn   | Place    | Note
-------+----------+-------------------------------------------
     0 | D:1      | Anunax the Gnoll Venom Mage began the quest for the Orb.
     0 | D:1      | Reached XP level 1. HP: 13/13 MP: 6/6
   500 | D:1      | Reached XP level 2. HP: 19/19 MP: 5/7
  1038 | D:1      | Found a faded altar of an unknown god.
  1382 | D:2      | Reached XP level 3. HP: 25/25 MP: 5/9
  1435 | D:2      | Noticed Natasha
  1442 | D:2      | Killed Natasha
  1443 | D:2      | Reached skill level 5 in Spellcasting
  1443 | D:2      | Reached skill level 1 in Invocations
  1705 | D:2      | Noticed Natasha
  1715 | D:2      | Killed Natasha
  1716 | D:2      | Reached skill level 1 in Fighting
  1716 | D:2      | Reached skill level 1 in Short Blades
  1716 | D:2      | Reached skill level 1 in Long Blades
  1716 | D:2      | Reached skill level 1 in Axes
  1716 | D:2      | Reached skill level 1 in Maces & Flails
  1716 | D:2      | Reached skill level 1 in Polearms
  1716 | D:2      | Reached skill level 1 in Staves
  1716 | D:2      | Reached skill level 1 in Slings
  1716 | D:2      | Reached skill level 1 in Bows
  1716 | D:2      | Reached skill level 1 in Crossbows
  1716 | D:2      | Reached skill level 1 in Throwing
  1716 | D:2      | Reached skill level 1 in Armour
  1716 | D:2      | Reached skill level 1 in Shields
  1716 | D:2      | Reached skill level 1 in Unarmed Combat
  1716 | D:2      | Reached skill level 1 in Evocations
  1716 | D:2      | Reached XP level 4. HP: 12/32 MP: 7/11
  1833 | D:2      | Noticed Natasha
  1862 | D:2      | Noticed a scorpion
  1867 | D:2      | Killed Natasha
  1868 | D:2      | Reached skill level 1 in Conjurations
  1868 | D:2      | Reached skill level 1 in Hexes
  1868 | D:2      | Reached skill level 1 in Summonings
  1868 | D:2      | Reached skill level 1 in Necromancy
  1868 | D:2      | Reached skill level 1 in Translocations
  1868 | D:2      | Reached skill level 1 in Fire Magic
  1868 | D:2      | Reached skill level 1 in Ice Magic
  1868 | D:2      | Reached skill level 1 in Air Magic
  1868 | D:2      | Reached skill level 1 in Earth Magic
  2300 | D:2      | Noticed Robin
  2314 | D:2      | Reached XP level 5. HP: 32/37 MP: 5/12
  2320 | D:2      | Killed Robin
  2983 | D:3      | Found a sacrificial altar of Ru.
  3491 | D:3      | Reached XP level 6. HP: 42/43 MP: 10/13
  3616 | D:3      | Found Ygaurph's Book Boutique.
  3718 | D:3      | Found Mawaqac's Antique Weapon Boutique.
  3872 | D:3      | Found a burning altar of Makhleb.
  3875 | D:3      | Found a shimmering altar of Xom.
  3881 | D:3      | Found a radiant altar of Vehumet.
  3884 | D:3      | Found a hide-covered altar of Uskayaw.
  3890 | D:3      | Found an ornate altar of the Wu Jian Council.
  3893 | D:3      | Found a stormy altar of Qazlal.
  4137 | D:4      | Reached skill level 5 in Dodging
  4211 | D:4      | Noticed a black bear
  4227 | D:4      | Killed a black bear
  4228 | D:4      | Reached XP level 7. HP: 36/50 MP: 8/15
  4442 | D:4      | HP: 1/50 [phantom (5)]
  4442 | D:4      | Killed from afar by an orc wizard

Illustrated notes

Levels and vault maps discovered:
D:1:      minmay_arrival_four_circles, layout_basic,
          ebering_ecumenical_altar_webs, minmay_misc_feat_rows, hex_tiny,
          corexii_corridor_pit
D:2:      layout_rooms, amethyst_killhole, uniq_robin, uniq_natasha
D:3:      layout_loops_ring, nicolae_ru_sacrificial_ziggurat,
          nicolae_overflow_hallway_of_the_gods, serial_shops, shop,
          nicolae_shop_hallway_stairs
D:4:      layout_basic, mainiacjoe_overflow_small_starburst,
          lemuel_coloured_pillars_altar, grunt_ministairs_13, uniq_blork_the_orc

Skill      XL: |  1  2  3  4  5  6 |
---------------+-------------------+-----
Transmutations | 2 |  2.8
Spellcasting   | 5 |  5.5
Invocations    | 1 2 |  2.5
Fighting       | 1 2 |  2.2
Short Blades   | 1 2 |  2.2
Long Blades    | 1 2 |  2.2
Axes           | 1 2 |  2.2
Maces & Flails | 1 2 |  2.2
Polearms       | 1 2 |  2.2
Staves         | 1 2 |  2.2
Slings         | 1 2 |  2.2
Bows           | 1 2 |  2.2
Crossbows      | 1 2 |  2.2
Throwing       | 1 2 |  2.2
Armour         | 1 2 |  2.2
Shields        | 1 2 |  2.2
Unarmed Combat | 1 2 |  2.2
Evocations     | 1 2 |  2.2
Conjurations   | 1 |  1.8
Hexes          | 1 |  1.8
Summonings     | 1 |  1.8
Necromancy     | 1 |  1.8
Translocations | 1 |  1.8
Fire Magic     | 1 |  1.8
Ice Magic      | 1 |  1.8
Air Magic      | 1 |  1.8
Earth Magic    | 1 |  1.8
Dodging        | 5 |  5.1
Stealth        | |  4.7
Poison Magic   | |  5.7

Action                   |  1- 3 |  4- 6 |  7- 9 || total
-------------------------+-------+-------+-------++-------
Melee: Unarmed           |    24 |       |       ||    24
       Bite              |     1 |     2 |     2 ||     5
       Dagger            |     4 |    27 |    15 ||    46
 Cast: Sting             |    51 |    91 |    17 ||   159
Armor: Robe              |     8 |     8 |     1 ||    17
Dodge: Dodged            |    41 |    51 |    13 ||   105

Table legend: (Time is in decaauts)
 A = Elapsed time spent in this place.
 B = Non-inter-level travel time spent in this place.
 C = Inter-level travel time spent in this place.
 D = Time resting spent in this place.
 E = Time spent auto-exploring this place.
 F = Levels seen in this place.
 G = Mean time per level.
                   A        B        C        D        E       F      G
               +--------+--------+--------+--------+--------+-----+--------+
         Total |   4446 |   4384 |     62 |   1782 |   2008 |   4 | 1111.5 |
       Dungeon |   4446 |   4384 |     62 |   1782 |   2008 |   4 | 1111.5 |
               +--------+--------+--------+--------+--------+-----+--------+

Top non-repeatable levels by time:
     D:2: 1619 daAuts
     D:1: 1355 daAuts
     D:3: 1121 daAuts
     D:4: 350 daAuts
